 Dungeon Crawl Stone Soup version 0.27.1-3-gb3d3a73c9e (webtiles) character file.

Game seed: 16545425207405204810

13079 Atelerd the Thaumaturge (level 12, 0/66 HPs)
             Began as an Octopode Earth Elementalist on Oct 31, 2021.
             Was a Believer of Sif Muna.
             Slain by a two-headed ogre (18 damage)
             ... on level 10 of the Dungeon.
             The game lasted 00:29:32 (15598 turns).

Atelerd the Thaumaturge (OpEE)                     Turns: 15598, Time: 00:29:33

Health: 0/66       AC:  5    Str:  7    XL:     12   Next: 2%
Magic:  20/35      EV: 13    Int: 27    God:    Sif Muna [**....]
Gold:   478        SH:  7    Dex: 20    Spells: 22/32 levels left

rFire    . . .     SeeInvis .   u - +3 dagger (elec)
rCold    + + .     Faith    .   n - +0 buckler
rNeg     . . .     Spirit   .   (helmet restricted)
rPois    .         Reflect  .   (no amulet)
rElec    .         Harm     .   k - +4 ring of protection
rCorr    .         Rampage  .   r - ring of magical power
Will     +....                  O - +6 ring of dexterity
Stlth    +++++.....             j - ring "Unnurirgh" {rC++ Will+ Int+6}
HPRegen  0.21/turn              (no ring)
MPRegen  0.24/turn              (no ring)
                                (no ring)
                                (no ring)

@: studying Shields
A: almost no armour, amphibious, 8 rings, camouflage 1, gelatinous body 1,
(nimble swimmer 1), tentacles
a: Renounce Religion, Channel Magic


You were on level 10 of the Dungeon.
You worshipped Sif Muna.
Sif Muna was pleased with you.
You visited 2 branches of the dungeon, and saw 11 of its levels.

You collected 478 gold pieces.

Inventory:

Hand Weapons
 e - a +0 dagger
 g - a +0 dagger of protection
 u - a +3 dagger of electrocution (weapon)
Missiles
 b - 67 stones
 K - 4 throwing nets
Armour
 n - a +0 buckler (worn)
Jewellery
 a - an amulet of faith
 j - the ring "Unnurirgh" (on tentacle) {rC++ Will+ Int+6}
   (You acquired it on level 9 of the Dungeon)

   [ring of intelligence]

   Int:       It affects your intelligence (+6).
   rC:        It greatly protects you from cold.
   Will:      It increases your willpower.
 k - a +4 ring of protection (left tentacle)
 r - a ring of magical power (right tentacle)
 O - a +6 ring of dexterity (on tentacle)
Wands
 l - a wand of paralysis (9)
 v - a wand of charming (14)
 y - a wand of iceblast (9)
 F - a wand of acid (7)
 J - a wand of polymorph (30)
 M - a wand of flame (23)
Scrolls
 d - a scroll of magic mapping {unknown}
 h - 4 scrolls of vulnerability
 i - a scroll of fog
 m - a scroll of torment {unknown}
 p - a scroll of noise {unknown}
 t - a scroll of fear {unknown}
 w - 3 scrolls of immolation
 x - a scroll of amnesia
 z - a scroll of blinking {unknown}
 A - 2 scrolls of enchant weapon
 B - a scroll of teleportation {unknown}
 G - a scroll of brand weapon {unknown}
Potions
 c - a potion of brilliance {unknown}
 f - 5 potions of heal wounds {unknown}
 o - 3 potions of degeneration {unknown}
 q - 3 potions of haste {unknown}
 s - a potion of flight {unknown}
 C - 2 potions of lignification {unknown}
 D - a potion of might {unknown}
 E - a potion of attraction {unknown}
 H - a potion of ambrosia {unknown}
 I - a potion of berserk rage {unknown}
 L - 2 potions of cancellation {unknown}
 N - 2 potions of resistance


   Skills:
 - Level 2.0 Short Blades
 - Level 2.0 Dodging
 - Level 8.0 Stealth
 - Level 10.0 Shields
 + Level 10.9 Spellcasting
 * Level 2.2 Conjurations
 - Level 8.0 Transmutations
 * Level 2.2 Ice Magic
 * Level 0.6 Air Magic
 - Level 8.1 Earth Magic


You had 22 spell levels left.
You knew the following spells:

 Your Spells              Type           Power      Damage    Failure   Level
a - Sandblast             Erth           100%       2d20      1%          1
b - Freezing Cloud        Conj/Ice/Air   12%        6-21      47%         5
p - Petrify               Tmut/Erth      55%        N/A       1%          4

Your spell library contained the following spells:

 Spells                   Type           Power      Damage    Failure   Level
 Passwall                 Tmut/Erth      45%        N/A       1%          2
 Wereblood                Tmut           55%        N/A       1%          2
 Stone Arrow              Conj/Erth      84%        3d12      1%          3
 Animate Skeleton         Necr           28%        N/A       4%          1
 Apportation              Tloc           28%        N/A       4%          1
 Corona                   Hex            15%        N/A       4%          1
 Summon Small Mammal      Summ           56%        N/A       4%          1
 Sublimation of Blood     Necr           7%         N/A       6%          2
 Leda's Liquefaction      Hex/Erth       18%        N/A       8%          4
 Swiftness                Air            18%        N/A       9%          3
 Statue Form              Tmut/Erth      36%        N/A       22%         6
 Bolt of Magma            Conj/Fire/Erth 16%        4d9       26%         5
 Simulacrum               Ice/Necr       10%        N/A       98%         6
 Invisibility             Hex            7%         N/A       99%         6
 Summon Hydra             Summ           7%         N/A       100%        7
 Polar Vortex             Ice            13%        N/A       100%        9


Dungeon Overview and Level Annotations

Branches:
Dungeon (10/15)            Temple (1/1) D:7             Orc (0/2) D:9
   Lair: D:8-11

Altars:
Ashenzari
Dithmenos
Nemelex Xobeh
Qazlal
Sif Muna
Xom

Shops:
D:8 (

Annotations:
D:4 exclusion: 2 downstairs
D:5 exclusion: downstairs
D:8 exclusion: 2 downstairs
D:9 3 runed translucent doors


Innate Abilities, Weirdness & Mutations

You cannot wear most types of armour.
You are amphibious.
You can wear up to eight rings at the same time.
Your skin changes colour to match your surroundings (Stealth+).
Your rubbery body absorbs attacks. (AC +1, EV +1)
((You are camouflaged near water. (Stealth+)))
You have tentacles for arms and can constrict up to eight enemies at once.


Message History

Found 17 stones.
Found an escape hatch in the floor.
A two-headed ogre is nearby!
A two-headed ogre is nearby!
Casting: Sandblast (safe; 1% risk of failure)
Confirm with . or Enter, or press ? or * to list all spells.
Aiming: Petrify (dangerous; 1% risk of failure)
Press: ? - help, Shift-Dir - straight line, f - two-headed ogre
Aim: a two-headed ogre, wielding two +0 giant clubs (asleep, chance to affect: 58%)
The two-headed ogre shouts in stereo!
The two-headed ogre resists with significant effort.
Unknown command.
Casting: Petrify (dangerous; 1% risk of failure)
Confirm with . or Enter, or press ? or * to list all spells.
Aiming: Petrify (dangerous; 1% risk of failure)
Press: ? - help, Shift-Dir - straight line, f/p - two-headed ogre
Aim: a two-headed ogre, wielding two +0 giant clubs (chance to affect: 58%)
The two-headed ogre resists with significant effort.
Unknown command.
Casting: Petrify (dangerous; 1% risk of failure)
Confirm with . or Enter, or press ? or * to list all spells.
Aiming: Petrify (dangerous; 1% risk of failure)
Press: ? - help, Shift-Dir - straight line, f/p - two-headed ogre
Aim: a two-headed ogre, wielding two +0 giant clubs (chance to affect: 58%)
The two-headed ogre resists with significant effort.
Unknown command.
Casting: Petrify (dangerous; 1% risk of failure)
Confirm with . or Enter, or press ? or * to list all spells.
Aiming: Petrify (dangerous; 1% risk of failure)
Press: ? - help, Shift-Dir - straight line, f/p - two-headed ogre
Aim: a two-headed ogre, wielding two +0 giant clubs (chance to affect: 58%)
The two-headed ogre is moving more slowly.
Unknown command.
You block the two-headed ogre's attack.
The two-headed ogre hits you with a +0 giant club!!
The blast of sand hits the two-headed ogre.
The two-headed ogre is lightly wounded.
The two-headed ogre hits you with a +0 giant club!
* * * LOW HITPOINT WARNING * * *
The two-headed ogre hits you with a +0 giant club!!
You die...

#.## ##.# #..# #
##..## ##. #....#
.>..## ##....#
......### #.....#
.(......##### #.....#
.....>O@....###..##.#
................#####
........##.......##
.......####....#..###
......# #....###...##
.....# #....##
###..### ...## ######
##...# ..# ####..
#...#.


You could see a two-headed ogre (petrifying).

Vanquished Creatures
  Snorg (D:10)
  Harold (D:9)
  An anaconda (shapeshifter) (D:9)
  2 two-headed ogres (D:9)
  Sonja (D:10)
  Pikel (D:4)
  A cyclops (D:9)
  Maggie (D:9)
  A kobold demonologist (D:10)
  A troll (D:9)
  A wraith (D:9)
  A wyvern (D:8)
  12 yaks
  An acid dragon (D:9)
  3 water moccasins
  Duvessa (D:5)
  A black bear (D:7)
  5 orc warriors
  4 sky beasts
  A necrophage (D:8)
  3 ogres
  5 centaurs
  4 lemures (D:4)
  3 kobold brigands
  4 bullfrogs
  4 gnoll sergeants
  2 scorpions
  A water moccasin zombie (D:5)
  Dowan (D:5)
  7 killer bees
  5 howler monkeys
  4 centaur zombies
  A bullfrog zombie (D:5)
  3 jellies
  2 bullfrog skeletons
  5 orc priests
  A gnoll shaman (D:8)
  4 hounds
  An iguana (D:4)
  10 orc wizards
  2 killer bee zombies
  4 howler monkey zombies
  23 gnolls
  9 adders
  A shadow imp (D:6)
  A worm (D:4)
  3 dart slugs
  34 orcs
  2 bats (D:1)
  8 endoplasms
  3 giant cockroaches
  9 goblins
  3 hobgoblins
  8 jackals
  12 kobolds
  3 quokkas
  3 ball pythons
  A frilled lizard (D:2)
  4 rats
244 creatures vanquished.

Vanquished Creatures (collateral kills)
  3 yaks (D:9)
3 creatures vanquished.

Vanquished Creatures (others)
  2 killer bees (D:9)
  A plant (D:2)
3 creatures vanquished.

Grand Total: 250 creatures vanquished

Notes
Turn   | Place    | Note
-------+----------+-------------------------------------------
     0 | D:1      | Atelerd the Octopode Earth Elementalist began the quest for
                  | the Orb.
     0 | D:1      | Reached XP level 1. HP: 11/11 MP: 3/3
   192 | D:1      | Reached XP level 2. HP: 17/17 MP: 3/5
   653 | D:1      | Reached XP level 3. HP: 21/21 MP: 4/6
  1497 | D:2      | Reached XP level 4. HP: 27/27 MP: 8/8
  1750 | D:2      | Found a faded altar of an unknown god.
  2976 | D:4      | Reached skill level 1 in Shields
  2976 | D:4      | Reached XP level 5. HP: 31/31 MP: 6/9
  3101 | D:4      | Noticed a lemure
  3104 | D:4      | Noticed a lemure
  3106 | D:4      | Noticed a lemure
  3114 | D:4      | Killed a lemure
  3144 | D:4      | Killed a lemure
  3194 | D:4      | Killed a lemure
  3529 | D:4      | Reached XP level 6. HP: 12/36 MP: 11/11
  3574 | D:4      | Learned a level 4 spell: Petrify
  3802 | D:4      | Noticed Pikel
  3858 | D:5      | Entered Level 5 of the Dungeon
  3858 | D:5      | Noticed a yak
  3858 | D:5      | Noticed a yak
  3858 | D:5      | Noticed a yak
  3858 | D:5      | Noticed a yak
  3858 | D:5      | Noticed a yak
  3858 | D:5      | Noticed a yak
  4214 | D:4      | Reached XP level 7. HP: 41/41 MP: 12/12
  5210 | D:4      | Reached skill level 5 in Earth Magic
  5525 | D:4      | Killed Pikel
  5526 | D:4      | Reached skill level 5 in Stealth
  5526 | D:4      | Reached XP level 8. HP: 46/46 MP: 1/14
  5906 | D:4      | Killed a yak
  6043 | D:4      | Killed a yak
  6044 | D:4      | Reached skill level 5 in Spellcasting
  6044 | D:4      | Reached skill level 5 in Transmutations
  6454 | D:5      | Noticed a yak
  6466 | D:5      | Killed a yak
  6504 | D:4      | Killed a yak
  6505 | D:4      | Reached XP level 9. HP: 36/51 MP: 17/17
  6742 | D:5      | Reached skill level 1 in Short Blades
  7031 | D:5      | Noticed Dowan
  7040 | D:5      | Killed Dowan
  7052 | D:5      | Noticed Duvessa
  7062 | D:5      | Killed Duvessa
  7233 | D:5      | Learned a level 5 spell: Freezing Cloud
  7817 | D:5      | Reached skill level 5 in Shields
  8475 | D:5      | Reached XP level 10. HP: 39/56 MP: 19/19
 10088 | D:7      | Found a staircase to the Ecumenical Temple.
 10632 | Temple   | Entered the Ecumenical Temple
 10638 | Temple   | Became a worshipper of Sif Muna the Loreminder
 11733 | D:8      | Found Zyfo Yst's Antique Weapon Emporium.
 12292 | D:9      | Found a staircase to the Orcish Mines.
 12423 | D:9      | Noticed Maggie
 12435 | D:9      | Killed Maggie
 12726 | D:9      | Reached * piety under Sif Muna
 12735 | D:9      | Noticed an anaconda
 12743 | D:9      | Killed an anaconda
 12744 | D:9      | Reached XP level 11. HP: 50/61 MP: 21/23
 12938 | D:9      | Noticed Harold
 12951 | D:9      | Killed Harold
 13298 | D:9      | Reached skill level 10 in Shields
 13392 | D:9      | Identified the +0 ring mail of Heijuq {Drain rPois MP+9
                  | Dex+6}
 13470 | D:9      | Found a runed translucent gate.
 13470 | D:9      | Found a runed translucent gate.
 13470 | D:9      | Found a runed translucent gate.
 13470 | D:9      | Noticed a glowing orange brain
 13471 | D:9      | Noticed a red ugly thing
 13471 | D:9      | Noticed a red ugly thing
 13471 | D:9      | Noticed a green ugly thing
 13472 | D:9      | Noticed a cyan ugly thing
 13681 | D:9      | Noticed a cyclops
 13681 | D:9      | Noticed a two-headed ogre
 14600 | D:9      | Noticed a two-headed ogre
 14608 | D:9      | Killed a two-headed ogre
 14634 | D:9      | Killed a cyclops
 14635 | D:9      | Reached skill level 10 in Spellcasting
 14638 | D:9      | Reached ** piety under Sif Muna
 14700 | D:9      | Killed a two-headed ogre
 14802 | D:9      | Identified a scroll of acquirement
 14804 | D:9      | Acquired the ring "Unnurirgh" {rC++ Will+ Int+6}
 14827 | D:10     | Entered Level 10 of the Dungeon
 15080 | D:10     | Noticed Sonja
 15088 | D:10     | Killed Sonja
 15089 | D:10     | Reached skill level 1 in Conjurations
 15089 | D:10     | Reached skill level 1 in Ice Magic
 15234 | D:10     | Found a shimmering altar of Xom.
 15261 | D:10     | Noticed Snorg
 15271 | D:10     | Killed Snorg
 15381 | D:10     | Reached XP level 12. HP: 66/66 MP: 21/26
 15590 | D:10     | Noticed a two-headed ogre
 15598 | D:10     | Slain by a two-headed ogre

Illustrated notes

Levels and vault maps discovered:
D:1:      sevenhm_arrival_forest_fort_small_3, layout_loops_ring,
          minmay_misc_feat_secret_circle, minmay_crystal_water,
          hangedman_decor_riveting
D:2:      minmay_skewed_foursquare, layout_rooms,
          shapermc_ecumenical_altar_mp_urbaneastern
D:3:      layout_loops_ring
D:4:      minmay_general_purpose_star, layout_basic, grunt_decor_arrowhead,
          kennysheep_generic_room_12, uniq_pikel
D:5:      layout_basic, minmay_misc_feat_alley, minmay_misc_feat_room,
          amcnicky_mini_pool_small, minmay_manual_mail, uniq_duvessa
D:6:      layout_layer_cave
D:7:      layout_rooms, temple_doors_e, roderic_lattice_a, eino_tiny_chamber
D:8:      layout_gridville, serial_shops, kennysheep_little_box
D:9:      layout_irregular_city, david_orc_2,
          ploomutoo_gammafunk_ghost_potion_laboratory, grunt_potential,
          uniq_maggie, uniq_harold
D:10:     layout_cave_pods, lemuel_doored_altar, kennysheep_generic_room_6,
          uniq_snorg, uniq_sonja
Temple:   nicolae_temple_the_god_donut

Skill      XL: |  1  2  3  4  5  6  7  8  9 10 11 |
---------------+----------------------------------+-----
Transmutations | 2 3 4 5 6 8 |  8.0
Spellcasting   | 3 4 5 6 8 10 | 10.9
Shields        | 1 2 3 4 5 9 10 | 10.0
Earth Magic    | 4 5 6 7 8 |  8.1
Stealth        | 5 6 8 |  8.0
Short Blades   | 2 |  2.0
Conjurations   | 2 |  2.2
Ice Magic      | 2 |  2.2
Dodging        | |  2.0
Air Magic      | |  0.6

Action                   |  1- 3 |  4- 6 |  7- 9 | 10-12 || total
-------------------------+-------+-------+-------+-------++-------
Melee: Unarmed           |    12 |       |       |       ||    12
       Dagger            |    43 |   103 |   122 |   120 ||   388
       Constrict         |    14 |    25 |    20 |    17 ||    76
       Tentacles         |     7 |    23 |    35 |    25 ||    90
 Cast: Sandblast         |    18 |    46 |    70 |   171 ||   305
       Petrify           |       |     3 |    48 |    69 ||   120
Evoke: Wand              |       |       |       |     3 ||     3
  Use: Scroll            |       |       |     3 |     4 ||     7
       Potion            |       |       |       |     5 ||     5
 Stab: Sleeping          |    10 |     5 |     3 |    11 ||    29
       Petrified         |       |    13 |    63 |    52 ||   128
       Petrifying        |       |       |     1 |     6 ||     7
Armor: Skin              |     7 |    50 |    31 |    23 ||   111
Dodge: Dodged            |    37 |    76 |    84 |    83 ||   280
Block: Buckler           |       |       |    12 |    48 ||    60
